 Dungeon Crawl Stone Soup version 0.30-a0-723-gc1506a1cf0 (webtiles) character file.

Game seed: 8209343168185419098

98508 karrick the Severer (level 16, -8/104 HPs)
             Began as a Gargoyle Fighter on Jan 29, 2023.
             Was the Champion of Okawaru.
             Mangled by Rupert
             ... wielding a +1 heavy great sword
              (49 damage)
             ... on level 4 of the Lair of Beasts.
             The game lasted 01:00:01 (17732 turns).

karrick the Severer (Gargoyle Fighter)             Turns: 17732, Time: 01:00:02

Health: -8/104     AC: 48    Str: 26    XL:     16   Next: 22%
Magic:  23/24      EV: 12    Int: 12    God:    Okawaru [******]
Gold:   1209       SH:  9    Dex: 22    Spells: 15/15 levels left

rFire   + + .      SeeInvis .    i - +1 broad axe (flame)
rCold   x . .      Faith    .    c - +0 buckler
rNeg    + . .      Spirit   .    Q - +12 chain mail "Jaupserre" {Contam Rampage Str+3}
rPois   ∞          Reflect  .    k - +2 helmet
rElec   +          Harm     .    x - scarf {shadows}
rCorr   .          Rampage  +    D - +1 pair of gloves of Dawn {rPois rF+ Dex+3}
Will    +....                    t - +3 pair of boots "Lupto" {rPois rF+ rC- Int+4 Dex+4}
Stlth   +                        v - amulet of regeneration
HPRegen 1.17/turn                w - +4 ring of slaying
MPRegen 0.19/turn                (no ring)

@: about to teleport, heroic, flying
A: sickness immunity, AC +12, big wings, negative energy resistance 1,
electricity resistance, torment resistance 1, petrification resistance
a: Renounce Religion, Heroism, Finesse, Duel


You were on level 4 of the Lair of Beasts.
You worshipped Okawaru.
Okawaru was exalted by your worship.
You visited 2 branches of the dungeon, and saw 19 of its levels.
You also visited: Bailey, Gauntlet and Volcano.

You collected 1426 gold pieces.
You spent 217 gold pieces at shops.

Inventory:

Hand Weapons
 i - a +1 broad axe of flaming (weapon)
 T - a +6 battleaxe
Missiles
 Z - 11 boomerangs (quivered)
Armour
 c - a +0 buckler (worn)
 d - the +6 fire dragon scales "Ofeurilo" {Rampage Fly rF++ rC- Will+++ Str-4}
   (You took it off a minotaur in a Gauntlet)

   Str:       It affects your strength (-4).
   rF:        It greatly protects you from fire.
   rC:        It makes you vulnerable to cold.
   Fly:       It grants you flight.
   Rampage:   It bestows one free step when moving towards enemies.
   Will:      It greatly increases your willpower.
 k - a +2 helmet (worn)
 s - quicksilver dragon scales
 t - the +3 pair of boots "Lupto" (worn) {rPois rF+ rC- Int+4 Dex+4}
   (Okawaru gifted it to you on level 1 of the Lair of Beasts)

   Int:       It affects your intelligence (+4).
   Dex:       It affects your dexterity (+4).
   rF:        It protects you from fire.
   rC:        It makes you vulnerable to cold.
   rPois:     It protects you from poison.
 u - a +1 cloak of preservation
 x - a scarf of shadows (worn)
 C - the +8 ring mail of the City {Int+4 Dex+4}
   (Okawaru gifted it to you on level 3 of the Lair of Beasts)

   Int:       It affects your intelligence (+4).
   Dex:       It affects your dexterity (+4).
 D - the +1 pair of gloves of Dawn (worn) {rPois rF+ Dex+3}
   (You found it in a Gauntlet)

   Dex:       It affects your dexterity (+3).
   rF:        It protects you from fire.
   rPois:     It protects you from poison.
 O - the +4 skin of Zhor {*Englaciate rC+++ SInv}
   (You found it on level 4 of the Lair of Beasts)

   *Englaciate: It radiates cold, occasionally slowing all nearby creatures who
   are not resistant to cold.
   rC:        It renders you almost immune to cold.
   SInv:      It lets you see invisible.
 Q - the +12 chain mail "Jaupserre" (worn) {Contam Rampage Str+3}
   (You found it on level 1 of the Lair of Beasts)

   Str:       It affects your strength (+3).
   Contam:    It causes magical contamination when unequipped.
   Rampage:   It bestows one free step when moving towards enemies.
Jewellery
 v - an amulet of regeneration (around neck)
 w - a +4 ring of slaying (left hand)
 z - the ring "Fafe" {rPois rF+ rN+ Dex+3 Stlth-}
   (You found it on level 10 of the Dungeon)

   [ring of poison resistance]

   Dex:       It affects your dexterity (+3).
   rF:        It protects you from fire.
   rPois:     It protects you from poison.
   rN:        It protects you from negative energy.
   Stlth:     It makes you less stealthy.
 B - the ring of the Tarantula {rF+ rN+ rCorr Str-2 Int+2}
   (You found it on level 5 of the Dungeon)

   [ring of resist corrosion]

   Str:       It affects your strength (-2).
   Int:       It affects your intelligence (+2).
   rF:        It protects you from fire.
   rN:        It protects you from negative energy.
   rCorr:     It protects you from acid and corrosion.
 X - a +6 ring of dexterity
Wands
 b - a wand of iceblast (7)
 I - a wand of digging (6)
Scrolls
 a - a scroll of fog
 e - 11 scrolls of teleportation
 f - 3 scrolls of poison
 l - 4 scrolls of enchant weapon
 o - 3 scrolls of silence
 r - 3 scrolls of fear
 y - 5 scrolls of immolation
 E - 4 scrolls of vulnerability
 F - a scroll of acquirement {unknown}
 G - 2 scrolls of brand weapon
 H - 8 scrolls of blinking
 S - 2 scrolls of torment
 V - a scroll of enchant armour {unknown}
 Y - 4 scrolls of magic mapping
Potions
 h - 8 potions of haste {unknown}
 j - 9 potions of curing {unknown}
 m - 5 potions of magic {unknown}
 n - 4 potions of brilliance {unknown}
 p - 6 potions of mutation {unknown}
 q - 3 potions of flight {unknown}
 A - 4 potions of attraction
 J - 3 potions of lignification {unknown}
 K - 6 potions of invisibility {unknown}
 L - 6 potions of resistance
 M - 3 potions of heal wounds
 N - 3 potions of berserk rage {unknown}
 R - 3 potions of degeneration {unknown}
 U - 3 potions of cancellation {unknown}
 W - a potion of might
Miscellaneous
 g - a condenser vane
 P - a lightning rod (4/4)


   Skills:
 + Level 13.4(18.4) Fighting
 + Level 1.8(6.8) Long Blades
 + Level 16.9(21.9) Axes
 + Level 11.0(16.0) Armour
 + Level 2.9(7.9) Stealth
 + Level 9.4(14.4) Shields
 * Level 11.4 Invocations
 + Level 2.1 Evocations


You had 15 spell levels left.
You didn't know any spells.
Your spell library contained the following spells:

 Spells                   Type           Power      Damage    Failure   Level
 Apportation              Tloc           0%         N/A       80%         1
 Freeze                   Ice            0%         1d3       80%         1
 Magic Dart               Conj           0%         1d3       80%         1
 Necrotise                Necr           0%         1d4       80%         1
 Shock                    Conj/Air       0%         1d3       80%         1
 Sting                    Tmut/Pois      0%         1d3       80%         1
 Poisonous Vapours        Pois/Air       0%         N/A       91%         2
 Frozen Ramparts          Ice            0%         1d1       99%         3
 Hailstorm                Conj/Ice       0%         3d3       99%         3
 Ignite Poison            Fire/Tmut/Pois 0%         N/A       99%         3
 Mephitic Cloud           Conj/Pois/Air  0%         N/A       99%         3
 Swiftness                Air            0%         N/A       99%         3
 Vampiric Draining        Necr           0%         2d6       99%         3
 Airstrike                Air            0%         2d(0-16)  100%        4
 Anguish                  Hex/Necr       0%         N/A       100%        4
 Leda's Liquefaction      Hex/Erth       0%         N/A       100%        4
 Manifold Assault         Tloc           0%         N/A       100%        4
 Olgreb's Toxic Radiance  Pois           0%         N/A       100%        4
 Sticky Flame             Conj/Fire      0%         2d3       100%        4
 Lee's Rapid Deconstruct  Erth           0%         3d4*      100%        5
 Conjure Ball Lightning   Conj/Air       0%         3x3d6     100%        6
 Dispersal                Tloc           0%         N/A       100%        6
 Discord                  Hex            0%         N/A       100%        8
 Disjunction              Tloc           0%         N/A       100%        8
 Ignition                 Fire           0%         3d3       100%        8
 Summon Small Mammal      Summ           Unusable   N/A       N/A         1
 Call Imp                 Summ           Unusable   N/A       N/A         2
 Statue Form              Tmut/Erth      Unusable   N/A       N/A         6
 Haunt                    Necr/Summ      Unusable   N/A       N/A         7

Dungeon Overview and Level Annotations

Branches:
Dungeon (15/15)            Temple (0/1) D:6            Lair (4/5) D:11
  Swamp (0/4) Lair:3       Spider (0/4) Lair:3          Orc (0/2) D:9
 Depths (0/4) D:15         Bailey (visited)         Volcano (visited)
Gauntlet (visited)
  Slime: Lair:4-5    Vaults: D:13-14

Altars:
Ashenzari
Cheibriados
Elyvilon
Hepliaklqana
Kikubaaqudgha
Okawaru
Qazlal
Ru

Shops:
D:9 *   D:12 [

Annotations:
D:14 Frances
Lair:4 Rupert


Innate Abilities, Weirdness & Mutations

You are immune to sickness and miasma.
Your stone body is resilient. (AC +12)
You are immune to poison.
Your large and strong wings let you fly.
You resist negative energy. (rN+)
You are resistant to electric shocks. (rElec)
You are resistant to unholy torment.
You are immune to petrification.


Message History

You kill the blink frog!
Okawaru accepts your kill.
No target in view!
No target in view!
No target in view!
No target in view!
No target in view!
No target in view!
No target in view!
No target in view!
No target in view!
No target in view!
No target in view!
No target in view!
No target in view!
No target in view!
You pick up a book of Air and begin reading...
You add the spells Shock, Swiftness and Airstrike to your library.
There is a stone staircase leading down here.
Rupert the Wild comes into view.
He is wielding a +1 heavy great sword.
Rupert shouts!
Rupert roars madly and goes into a rage!
Rupert goes berserk!
You gain the combat prowess of a mighty hero.
Rupert hits you with a +1 heavy great sword!!
You hit Rupert. You burn Rupert.
Rupert is lightly wounded.
You block Rupert's attack.
You closely miss Rupert.
Rupert is lightly wounded.
You hit Rupert. You burn Rupert.
Rupert is lightly wounded.
Rupert hits you with a +1 heavy great sword!!
As you read the scroll of teleportation, it crumbles to dust.
You feel strangely unstable. Rupert barely misses you.
Rupert attacks as you move away!
Rupert hits you with a +1 heavy great sword!!
Rupert attacks as you move away!
Rupert hits you with a +1 heavy great sword!!!
You die...

.....#
#P..###..#.≈≈≈~...#.###
.##.##
#.....##.~~≈≈≈~~..## #
.####
#†.#P....~≈≈≈~....# .#
##.†##.P..~≈≈≈≈.>..# .#
#..###....~≈≈≈~~...# .#
#..†.#.##.~~≈≈≈~..P# .#
#####....#.##..~≈≈≈~~..#
...........##...~≈~~~.##
..##.#...#@#.#...~~..#.#
...<...#..@>........####
# .###P#..##..#.##...##
# #######..####...# #
#.## #.#### ##### #.#
##.P#P###.... #.#
#..........#. ...@...#
##..#.#...### P#######
###.######


You could see Rupert (berserk).

Vanquished Creatures
  An orc warlord (Bailey)
  A very ugly thing (D:15)
  A minotaur (Gauntlet)
  A spark wasp (shapeshifter) (D:15)
  Azrael (D:12)
  Harold (Lair:1)
  5 hydras
  An ogre mage (D:15)
  2 centaur warriors (D:13)
  8 two-headed ogres
  A catoblepas (Lair:2)
  Erica (D:8)
  6 boulder beetles
  A tengu warrior (D:13)
  8 death yaks
  A hell hog (Volcano)
  A fire crab (Gauntlet)
  A glowing orange brain (D:15)
  2 deep elf pyromancers (D:15)
  An orc knight (D:15)
  19 ugly things
  2 cyclopes
  2 manticores
  3 salamanders (Volcano)
  4 black mambas
  7 elephants
  Joseph (Lair:1)
  10 cane toads
  3 torpor snails (Lair:2)
  A gargoyle (D:11)
  2 unseen horrors
  A komodo dragon (Lair:3)
  Maggie (D:8)
  An efreet (D:15)
  3 yaktaurs (D:15)
  4 rime drakes
  A polar bear (Lair:4)
  A meliai (Lair:3)
  A tyrant leech (Lair:3)
  3 hornets
  Grinder (D:3)
  Prince Ribbit (D:8)
  20 blink frogs
  15 slime creatures
  3 shadows
  6 wraiths
  2 wyverns
  18 yaks
  A vampire (D:13)
  2 basilisks
  6 fire bats
  3 fire elementals (D:13)
  3 steam dragons
  A redback simulacrum (Gauntlet)
  Edmund (D:6)
  A swamp worm (Lair:3)
  An acid dragon (D:11)
  Duvessa (D:7)
  7 water moccasins
  6 hell hounds
  4 ice beasts
  A sky beast (D:7)
  17 orc warriors
  2 black bears (Lair:1)
  An ice dragon simulacrum (Gauntlet)
  5 ogres
  6 wolves (Lair:4)
  7 centaurs
  5 kobold brigands
  2 gnoll sergeants (D:9)
  12 bullfrogs
  2 necrophages
  2 scorpions
  2 hornet simulacra (Gauntlet)
  12 wights
  Dowan (D:7)
  15 killer bees
  2 electric eels (Lair:3)
  9 howler monkeys
  2 hounds
  2 gnoll boudas (D:8)
  4 orc priests
  Crazy Yiuf (D:4)
  4 iguanas
  Jessica (D:2)
  Terence (D:3)
  10 orc wizards
  Natasha (thrice) (D:2)
  5 hell rats (Lair:3)
  Robin (D:3)
  24 gnolls
  7 adders
  3 shadow imps
  A white imp (D:7)
  3 ufetubi (D:5)
  3 worms
  A dart slug (D:4)
  47 orcs
  7 endoplasms
  3 giant cockroaches
  25 goblins
  20 hobgoblins
  4 quokkas
  8 ball pythons
  3 bats
  A frilled lizard (D:3)
  22 kobolds
  5 rats
542 creatures vanquished.

Vanquished Creatures (others)
  An ogre mage (D:15)
  2 orcs (D:3)
  A quokka (D:3)
  15 fungi
  33 plants
52 creatures vanquished.

Grand Total: 594 creatures vanquished

Notes
Turn   | Place    | Note
-------+----------+-------------------------------------------
     0 | D:1      | karrick the Gargoyle Fighter began the quest for the Orb.
     0 | D:1      | Reached XP level 1. HP: 14/14 MP: 1/1
   154 | D:1      | Reached XP level 2. HP: 19/19 MP: 2/2
   528 | D:1      | Reached skill level 2 in Axes
   582 | D:2      | Reached XP level 3. HP: 23/23 MP: 3/3
   634 | D:2      | Noticed Natasha
   636 | D:2      | Noticed Jessica
   640 | D:2      | Killed Natasha
   641 | D:2      | Killed Jessica
   642 | D:2      | Reached XP level 4. HP: 26/29 MP: 4/4
   891 | D:2      | Noticed Natasha
   904 | D:2      | Killed Natasha
   905 | D:2      | Reached skill level 3 in Axes
   906 | D:2      | Reached XP level 5. HP: 21/33 MP: 5/5
  1042 | D:2      | Noticed Natasha
  1051 | D:2      | Killed Natasha
  1282 | D:3      | Found a stormy altar of Qazlal.
  1512 | D:3      | Reached skill level 4 in Axes
  1512 | D:3      | Reached XP level 6. HP: 31/38 MP: 6/6
  1779 | D:3      | Noticed Grinder
  1781 | D:3      | Noticed Robin
  1785 | D:3      | Paralysed by Grinder for 3 turns
  1801 | D:3      | Paralysed by Grinder for 5 turns
  1808 | D:3      | Killed Grinder
  1809 | D:3      | Reached XP level 7. HP: 27/44 MP: 7/7
  1810 | D:3      | Killed Robin
  1921 | D:3      | Found a white marble altar of Elyvilon.
  2216 | D:3      | Noticed Terence
  2230 | D:3      | Killed Terence
  2431 | D:4      | Reached skill level 5 in Axes
  2483 | D:4      | Found an iron altar of Okawaru.
  2624 | D:4      | Reached skill level 5 in Armour
  2692 | D:4      | Became a worshipper of Warmaster Okawaru
  3210 | D:4      | Found a runed translucent door.
  3211 | D:4      | Noticed Crazy Yiuf
  3216 | D:4      | Killed Crazy Yiuf
  3244 | D:5      | Entered Level 5 of the Dungeon
  3251 | D:5      | Reached skill level 5 in Fighting
  3313 | D:5      | Found a transporter.
  3333 | D:5      | Got the Information on Unholy Ceremonies and Contaminants
  3372 | D:5      | Found an ancient bone altar of Kikubaaqudgha.
  3385 | D:5      | Reached skill level 6 in Axes
  3385 | D:5      | Reached XP level 8. HP: 43/50 MP: 8/8
  3386 | D:5      | Found a hazy altar of Hepliaklqana.
  3416 | D:5      | Identified the ring of the Tarantula {rF+ rN+ rCorr Str-2
                  | Int+2}
  3497 | D:5      | Found a broken altar of Ashenzari.
  3580 | D:5      | Found a transporter.
  4054 | D:6      | Found a staircase to the Ecumenical Temple.
  4130 | D:6      | Reached skill level 7 in Axes
  4143 | D:6      | Reached * piety under Okawaru
  4224 | D:6      | Noticed Edmund
  4241 | D:6      | Killed Edmund
  4732 | D:7      | Noticed Dowan
  4732 | D:7      | Noticed Duvessa
  4745 | D:7      | Killed Duvessa
  4746 | D:7      | Reached XP level 9. HP: 47/55 MP: 9/9
  4756 | D:7      | Killed Dowan
  4757 | D:7      | Reached skill level 8 in Axes
  4800 | D:7      | Reached skill level 1 in Stealth
  4825 | D:7      | Reached ** piety under Okawaru
  5055 | D:7      | Reached skill level 5 in Shields
  5510 | D:7      | Reached skill level 9 in Axes
  5583 | D:8      | Noticed Prince Ribbit
  5593 | D:8      | Killed Prince Ribbit
  5755 | D:8      | Noticed Maggie
  5767 | D:8      | Killed Maggie
  5768 | D:8      | Reached XP level 10. HP: 55/63 MP: 7/10
  5815 | D:8      | Reached *** piety under Okawaru
  5969 | D:8      | Noticed Erica
  5970 | D:8      | Noticed a brown ugly thing
  5979 | D:8      | Killed Erica
  5980 | D:8      | Reached skill level 10 in Axes
  6110 | D:8      | Killed a brown ugly thing
  6393 | D:8      | Noticed a cyclops
  6401 | D:8      | Killed a cyclops
  6401 | D:8      | Reached **** piety under Okawaru
  6535 | D:8      | Found a sacrificial altar of Ru.
  6842 | D:9      | Reached skill level 11 in Axes
  7057 | D:9      | Found a staircase to the Orcish Mines.
  7105 | D:9      | Reached ***** piety under Okawaru
  7295 | D:9      | Found Fufy's Changing Room.
  7348 | D:10     | Entered Level 10 of the Dungeon
  7378 | D:10     | Found a flagged portal.
  7406 | Bailey   | Entered a bailey
  7439 | Bailey   | Reached XP level 11. HP: 69/69 MP: 11/11
  7582 | Bailey   | Reached skill level 1 in Invocations
  7682 | Bailey   | Identified the +2 glaive "Dragonbane" {chaos, Stlth+}
  7684 | Bailey   | Noticed an orc warlord
  7703 | Bailey   | Killed an orc warlord
  7703 | Bailey   | Received a gift from Okawaru
  7704 | Bailey   | Reached skill level 12 in Axes
  8147 | D:10     | Noticed a seven-headed hydra
  8161 | D:10     | Killed a one-headed hydra
  8512 | D:10     | Noticed a two-headed ogre
  8525 | D:10     | Killed a two-headed ogre
  8527 | D:10     | Identified the ring "Fafe" {rPois rF+ rN+ Dex+3 Stlth-}
  9377 | D:11     | Reached skill level 1 in Long Blades
  9524 | D:11     | Found a staircase to the Lair.
  9925 | D:12     | Noticed Azrael
  9970 | D:13     | Noticed a boulder beetle
  9983 | D:13     | Killed a boulder beetle
 10015 | D:13     | Noticed a cyclops
 10016 | D:13     | Noticed a centaur warrior
 10030 | D:13     | Killed a cyclops
 10044 | D:13     | Killed a centaur warrior
 10045 | D:13     | Reached XP level 12. HP: 43/77 MP: 15/15
 10238 | D:13     | Noticed a tengu warrior
 10249 | D:13     | Killed a tengu warrior
 10282 | D:13     | Noticed a boulder beetle
 10296 | D:13     | Killed a boulder beetle
 10297 | D:13     | Reached skill level 5 in Invocations
 10379 | D:13     | Reached skill level 10 in Fighting
 10396 | D:13     | Noticed a five-headed hydra
 10404 | D:13     | Killed a one-headed hydra
 10405 | D:13     | Reached skill level 13 in Axes
 10641 | D:13     | Noticed a centaur warrior
 10656 | D:13     | Killed a centaur warrior
 10941 | D:14     | Received a gift from Okawaru
 10988 | D:14     | Noticed a boulder beetle
 11009 | D:14     | Noticed a two-headed ogre
 11010 | D:14     | Killed a boulder beetle
 11016 | D:14     | Killed a two-headed ogre
 11269 | D:14     | Noticed Frances
 11279 | D:15     | Entered Level 15 of the Dungeon
 11289 | D:15     | Noticed a boulder beetle
 11304 | D:15     | Killed a boulder beetle
 11500 | D:15     | HP: 3/79 [yaktaur/bolt (10)]
 11512 | D:15     | Reached XP level 13. HP: 45/84 MP: 16/18
 11563 | D:15     | Identified the +1 robe "Xefuph" {-Cast rC+ Str+2} (Okawaru
                  | gifted it to you on level 15 of the Dungeon)
 11563 | D:15     | Received a gift from Okawaru
 11564 | D:15     | Reached skill level 14 in Axes
 12115 | D:15     | HP: 1/84 [white ugly thing (34)]
 12453 | D:15     | Found a staircase to the Depths.
 12453 | D:15     | Noticed a red very ugly thing
 12531 | D:15     | a boulder beetle changed into a spark wasp
 12531 | D:15     | Noticed a spark wasp (glowing shapeshifter)
 12534 | D:15     | Killed a spark wasp
 12594 | D:15     | Killed a red very ugly thing
 12594 | D:15     | Reached ****** piety under Okawaru
 12595 | D:15     | Reached skill level 15 in Axes
 12604 | D:15     | Received a gift from Okawaru
 12875 | D:12     | Killed Azrael
 12929 | D:12     | Gained mutation: Your large and strong wings let you fly.
                  | [Gargoyle growth]
 12929 | D:12     | Reached XP level 14. HP: 82/91 MP: 20/20
 13097 | D:12     | Received a gift from Okawaru
 13257 | D:12     | Found Noamuorgh's Antique Armour Shoppe.
 13265 | D:12     | Bought a pair of glowing boots for 217 gold pieces
 13900 | Lair:1   | Entered Level 1 of the Lair of Beasts
 13906 | Lair:1   | Reached skill level 10 in Armour
 13939 | Lair:1   | Identified the +12 chain mail "Jaupserre" {Contam Rampage
                  | Str+3}
 13955 | Lair:1   | Noticed Joseph
 13978 | Lair:1   | Killed Joseph
 14204 | Lair:1   | Noticed Harold
 14211 | Lair:1   | Killed Harold
 14211 | Lair:1   | Identified the +3 pair of boots "Lupto" {rPois rF+ rC-
                  | Int+4 Dex+4} (Okawaru gifted it to you on level 1 of the
                  | Lair of Beasts)
 14211 | Lair:1   | Received a gift from Okawaru
 15008 | Lair:2   | Found a snail-covered altar of Cheibriados.
 15138 | Lair:2   | Found a gate leading to a gauntlet.
 15149 | Gauntlet | Entered a Gauntlet
 15149 | Gauntlet | Found a transporter.
 15159 | Gauntlet | Found a transporter.
 15161 | Gauntlet | Found a transporter.
 15163 | Gauntlet | Found a transporter.
 15189 | Gauntlet | Found a transporter.
 15203 | Gauntlet | Found a transporter.
 15210 | Gauntlet | Found a transporter.
 15229 | Gauntlet | Found a transporter.
 15244 | Gauntlet | Found a transporter.
 15265 | Gauntlet | Found a transporter.
 15291 | Gauntlet | Found a transporter.
 15301 | Gauntlet | Noticed a dire elephant
 15303 | Gauntlet | Found a transporter.
 15315 | Gauntlet | Found a transporter.
 15333 | Gauntlet | Found a transporter.
 15349 | Gauntlet | Found a transporter.
 15351 | Gauntlet | Found a transporter.
 15381 | Gauntlet | Found a transporter.
 15383 | Gauntlet | Found a transporter.
 15497 | Gauntlet | Reached skill level 16 in Axes
 15512 | Gauntlet | Identified the +1 pair of gloves of Dawn {rPois rF+ Dex+3}
 15550 | Gauntlet | Identified the +6 fire dragon scales "Ofeurilo" {Rampage
                  | Fly rF++ rC- Will+++ Str-4}
 15587 | Gauntlet | Reached skill level 10 in Invocations
 15587 | Gauntlet | Reached skill level 1 in Evocations
 15587 | Gauntlet | Reached XP level 15. HP: 97/97 MP: 22/22
 16217 | Lair:3   | Found a dark tunnel.
 16227 | Volcano  | Entered a volcano
 16520 | Lair:3   | Found a hole to the Spider Nest.
 16557 | Lair:3   | Identified the +8 ring mail of the City {Int+4 Dex+4}
                  | (Okawaru gifted it to you on level 3 of the Lair of Beasts)
 16557 | Lair:3   | Received a gift from Okawaru
 16794 | Lair:3   | Identified the +1 quarterstaff of Tuddahit {heavy, Str+4}
 17050 | Lair:3   | Found a staircase to the Swamp.
 17231 | Lair:4   | Reached XP level 16. HP: 104/104 MP: 24/24
 17268 | Lair:4   | Identified the +5 longbow of Ninaacze {flame, +Blink rElec
                  | rF++ Str-2}
 17581 | Lair:4   | Found the +4 skin of Zhor {*Englaciate rC+++ SInv}
 17720 | Lair:4   | Noticed Rupert
 17732 | Lair:4   | Mangled by Rupert

Illustrated notes

Levels and vault maps discovered:
D:1:      minmay_arrival_up_and_down, layout_basic
D:2:      layout_rooms, uniq_natasha, uniq_jessica
D:3:      layout_loops_corners, elyvilon_altar_4, mainiacjoe_overflow_brackets,
          uniq_grinder, uniq_robin, uniq_terence
D:4:      layout_cave_pods, kennysheep_mini_moat, uniq_crazy_yiuf_cottage
D:5:      gammafunk_cloud_chamber, layout_basic,
          mainiacjoe_overflow_cross_hatched, general_overflow_altar,
          nicolae_overflow_hidden_temple, kennysheep_generic_room_9
D:6:      layout_loops_ring, minmay_temple_entry_waves, uniq_edmund
D:7:      layout_basic, uniq_duvessa
D:8:      layout_layer_cave, kennysheep_mini, chequers_serial_rivers_small_3,
          minmay_unpleasant_kobolds, uniq_prince_ribbit1, uniq_maggie,
          uniq_erica
D:9:      layout_big_octagon, orc_0_dummy, serial_column_ruins,
          column_ruins_columns_corner, column_ruins_grid_1,
          column_ruins_corridor_straight, column_ruins_corridor_straight,
          column_ruins_open_medium, nicolae_transmutations_shop
D:10:     layout_layer_cave, enter_bailey_5
D:11:     layout_loops_ring, lair_entry_dummy
D:12:     layout_irregular_city, serial_shops, nicolae_shop_advertising_works
          [nicolae_subvault_shop_adworks], uniq_azrael
D:13:     layout_gridville
D:14:     layout_basic, david_vaults_5, uniq_frances
D:15:     gammafunk_enter_depths_forms, layout_long_grid, serial_bayou_ford_a
Lair:1:   layout_small_grid, nzn_sisyphean_effort, grunt_megastairs_5,
          uniq_harold, uniq_joseph
Lair:2:   layout_hall_layers, gauntlet_entry_generic, serial_bayou_pond_a,
          kennysheep_snail_temple, grunt_megastairs_1
Lair:3:   layout_roguey, palyth_hydra_swamp_entry,
          hellmonk_spider_entry_not_the_bees, enter_volcano_3,
          nicolae_quartered_pool_super, columned_hall_lemuel
Lair:4:   gammafunk_mikee_crab_dinner, layout_loops_ring,
          kennysheep_basilisk_garden, infiniplex_staircase_pool, uniq_rupert

Skill      XL: |  1  2  3  4  5  6  7  8  9 10 11 12 13 14 15 16 |
---------------+-------------------------------------------------+-----
Axes           | 2 3 4 6 7 9 11 12 13 15 16 | 16.9
Armour         | 4 5 6 7 8 9 10 11 | 11.0
Fighting       | 4 5 6 7 8 9 10 11 12 13 | 13.4
Shields        | 4 5 6 7 8 9 |  9.4
Stealth        | 1 2 |  2.9
Invocations    | 4 6 8 10 11 | 11.4
Long Blades    | 1 |  1.8
Evocations     | 1 2 |  2.1

Action                     |  1- 3 |  4- 6 |  7- 9 | 10-12 | 13-15 | 16-18 || total
---------------------------+-------+-------+-------+-------+-------+-------++-------
  Melee: War axe           |    53 |   135 |   362 |   608 |       |       ||  1158
         Scimitar          |       |       |       |    15 |       |       ||    15
         Broad axe         |       |       |       |    90 |   609 |   110 ||   809
 Invoke: Heroism           |       |       |     1 |     6 |     6 |     1 ||    14
  Evoke: Condenser vane    |       |       |       |       |     1 |       ||     1
    Use: Potion            |       |     1 |     1 |     3 |     4 |       ||     9
         Scroll            |       |       |     1 |     8 |     7 |     1 ||    17
 Armour: Scale mail        |    28 |   124 |   188 |   287 |   164 |       ||   791
         Steam dragon scal |       |       |       |   165 |       |       ||   165
         Chain mail        |       |       |       |       |   260 |    70 ||   330
  Dodge: Dodged            |    24 |    56 |   137 |   285 |   175 |    35 ||   712
  Block: Buckler           |    11 |    33 |    73 |   180 |   148 |    33 ||   478

Table legend: (Time is in decaauts)
 A = Elapsed time spent in this place.
 B = Non-inter-level travel time spent in this place.
 C = Inter-level travel time spent in this place.
 D = Time resting spent in this place.
 E = Time spent auto-exploring this place.
 F = Levels seen in this place.
 G = Mean time per level.
                   A        B        C        D        E       F      G
               +--------+--------+--------+--------+--------+-----+--------+
         Total |  17764 |  16756 |   1008 |     49 |  11606 |  22 |  807.5 |
       Dungeon |  13623 |  12677 |    946 |      7 |   9680 |  15 |  908.2 |
          Lair |   3100 |   3038 |     62 |      0 |   1926 |   4 |  775.0 |
        Bailey |    386 |    386 |      0 |     20 |      0 |   1 |  386.0 |
       Volcano |    210 |    210 |      0 |      0 |      0 |   1 |  210.0 |
      Gauntlet |    443 |    443 |      0 |     22 |      0 |   1 |  443.0 |
               +--------+--------+--------+--------+--------+-----+--------+

Top non-repeatable levels by time:
    D:10: 1499 daAuts
    D:15: 1443 daAuts
     D:8: 1221 daAuts
     D:3: 1206 daAuts
     D:7: 1038 daAuts
  Lair:3: 994 daAuts
    D:13: 929 daAuts
     D:4: 907 daAuts
  Lair:1: 891 daAuts
     D:5: 806 daAuts
    D:11: 777 daAuts
     D:6: 724 daAuts
    D:12: 711 daAuts
  Lair:2: 702 daAuts
     D:2: 659 daAuts
